AoeStats
← eloycorsob

Arena

510485588Analyzed
4v4 RM · 2d ago on Oct 1, 2026· 40m 23s· 8 players
Game mode
Random Map
Map size
Large (8 player)
Population
200
Speed
Normal
Resources
Standard
Victory
Conquest
Starting age
Dark Age
Ending age
Imperial Age
RankedLock teamsTeams togetherTeam positionsShared explorationLock speedFull tech treeHidden civsTurbo modeCheats
Victory
Defeat
🇩🇪 Byzantines · Germany
838
+12
🇺🇿 Poles · Uzbekistan
772
+15
🇦🇷 Khmer · Argentina
619
+22
🇪🇸 Celts · Spain
588
+23
🇨🇳 Romans · China
788
-20
🇵🇹 Maya · Portugal
740
-18
🇨🇳 Bohemians · China
728
-17
715
-17
隊友不准投降不准弱
11:03 Feudal Age
11:56 Horse Collar
12:01 Double-Bit Axe
18:14 Castle Age
16:22 Loom
16:57 Forging
17:07 Scale Mail Armor
17:53 Fletching
22:48 Bodkin Arrow
27:21 Ballistics
36:37 Imperial Age
38:46 Malon
SirRichard10
0:45 Loom
12:16 Feudal Age
13:33 Wheelbarrow
12:45 Town Watch
13:27 Double-Bit Axe
14:35 Gold Mining
14:36 Horse Collar
21:19 Stone Mining
25:55 Castle Age
29:11 Hand Cart
28:57 Elite Skirmisher
29:45 Thumb Ring
29:53 Bow Saw
29:47 Heavy Plow
32:18 Town Patrol
32:58 Stone Shaft Mining
32:37 Hul'che Javelineers
34:08 Fletching
34:20 Padded Archer Armor
35:33 Bodkin Arrow
38:18 Ballistics
38:12 Forging
38:19 Leather Archer Armor
42:52 Imperial Age
41:04 Iron Casting
Андрей
0:59 Loom
13:04 Feudal Age
19:45 Castle Age
17:36 Double-Bit Axe
18:58 Gold Mining
18:45 Man-at-Arms
20:00 Fletching
20:13 Scale Mail Armor
21:04 Crossbowman
22:14 Horse Collar
30:57 Heavy Plow
31:11 Bow Saw
31:23 Squires
33:20 Pikeman
34:51 Gold Shaft Mining
38:33 Fortified Wall
40:33 Bodkin Arrow
爆脆星星堡
9:31 Feudal Age
10:51 Wheelbarrow
18:53 Castle Age
18:52 Double-Bit Axe
24:05 Squires
23:51 Arson
25:25 Fervor
25:29 Masonry
28:59 Hand Cart
32:50 Imperial Age
30:15 Horse Collar
30:52 Loom
31:22 Forging
31:12 Scale Mail Armor
31:43 Bow Saw
32:34 Pikeman
34:33 Heavy Plow
35:46 Two-Man Saw
35:46 Conscription
36:38 Chemistry
37:23 Fortified Wall
37:44 Architecture
38:42 Halberdier
Lucasavend
0:58 Loom
13:47 Feudal Age
15:58 Wheelbarrow
15:07 Horse Collar
15:22 Double-Bit Axe
15:35 Gold Mining
15:36 Stone Mining
16:04 Town Watch
22:10 Castle Age
24:58 Ballistics
28:14 Husbandry
28:26 Bloodlines
30:46 Hand Cart
31:10 Heavy Plow
31:25 Bow Saw
32:41 Scale Barding Armor
32:28 Fletching
33:52 Bodkin Arrow
35:23 Chain Barding Armor
35:20 Light Cavalry
37:33 Forging
sandy
2:35 Loom
10:17 Feudal Age
10:50 Double-Bit Axe
13:18 Horse Collar
18:45 Castle Age
19:04 Stone Mining
19:05 Gold Mining
20:43 Heavy Plow
24:38 Husbandry
28:02 Fletching
28:23 Forging
28:21 Scale Barding Armor
28:17 Scale Mail Armor
29:30 Bow Saw
30:08 Wheelbarrow
29:50 Bodkin Arrow
34:16 Imperial Age
32:24 Hand Cart
34:15 Chain Mail Armor
34:21 Chain Barding Armor
34:01 Padded Archer Armor
34:37 Iron Casting
35:30 Elite Skirmisher
36:59 Gold Shaft Mining
37:14 Leather Archer Armor
37:07 Squires
38:30 Bracer
ruthlessfatality
10:59 Feudal Age
12:45 Wheelbarrow
12:52 Double-Bit Axe
15:25 Castle Age
13:17 Horse Collar
13:56 Gold Mining
14:38 Stone Mining
16:37 Bow Saw
17:09 Stone Shaft Mining
25:18 Scale Barding Armor
25:24 Forging
28:13 Iron Casting
27:01 Light Cavalry
27:51 Bloodlines
28:38 Husbandry
29:59 Hand Cart
33:34 Imperial Age
31:44 Heavy Plow
32:32 Chain Barding Armor
32:13 Scale Mail Armor
32:35 Fletching
32:46 Padded Archer Armor
33:58 Ballistics
33:19 Treadmill Crane
33:51 Fortified Wall
33:52 Masonry
34:33 Caravan
35:03 Coinage
36:17 Chemistry
36:34 Bodkin Arrow
38:00 Crop Rotation
37:35 Winged Hussar
39:38 Blast Furnace
40:11 Banking
40:05 Bracer
eloycorsob
0:41 Loom
0:48 Loom
13:22 Feudal Age
14:45 Horse Collar
14:55 Double-Bit Axe
15:50 Gold Mining
17:31 Wheelbarrow
19:46 Forging
20:05 Arson
23:11 Castle Age
21:17 Stone Mining
23:51 Pikeman
24:18 Gambesons
29:36 Heavy Plow
30:19 Gold Shaft Mining
30:19 Stone Shaft Mining
31:26 Scale Mail Armor
32:29 Bow Saw
35:45 Iron Casting
35:25 Chain Mail Armor
37:06 Hand Cart
38:34 Ballistics
38:32 Masonry
38:16 Guard Tower
39:09 Stone Shaft Mining
43:17 Imperial Age
Connection lost

Rejoining the realm…

Still unreachable

The connection could not be restored.

Session expired

The server has moved on; the page needs a fresh start.